 Dungeon Crawl Stone Soup version 0.27-a0-1324-ge0d8e047f6 (webtiles) character file.

Game seed: 8970472771865191338

13 unlimited1921 the Ducker (level 2, 0/11 HPs)
             Began as a Felid Venom Mage on June 23, 2021.
             Slain by an endoplasm (1 damage)
             ... on level 1 of the Dungeon.
             The game lasted 00:09:51 (652 turns).

unlimited1921 the Ducker (Felid Venom Mage)          Turns: 652, Time: 00:09:51

Health: 0/11       AC:  1    Str:  7    XL:     2   Next: 24%
Magic:  6/6        EV: 17    Int: 20    God:
Gold:   56         SH:  0    Dex: 16    Spells: 4/5 levels left
                                        Lives:  0   Deaths: 0

rFire    . . .     SeeInvis +   (weapon unavailable)
rCold    . . .     Faith    +   (shield unavailable)
rNeg     . . .     Spirit   .   (armour unavailable)
rPois    .         Reflect  .   (helmet unavailable)
rElec    .         Harm     .   (cloak unavailable)
rCorr    .         Rampage  .   (gloves unavailable)
Will     .....                  (boots unavailable)
Stlth    ++........             c - amulet "Abekhlui" {Faith Regen+ Str+3 Int+4}
HPRegen  1.03/turn              (no ring)
MPRegen  0.10/turn              (no ring)

@: quick
A: very small, claws 1, fangs 3, see invisible, speed 1, shaggy fur 1, stealthy
paws, no weapons or thrown items, no armour, multi-lived
a: no special abilities


You were on level 1 of the Dungeon.
You visited 1 branch of the dungeon, and saw 1 of its levels.

You collected 56 gold pieces.

Inventory:

Hand Weapons
 f - a +0 dagger
 g - a +3 short sword
Missiles
 a - 12 sling bullets
 h - 17 bolts
Armour
 b - a +0 scale mail
 e - a +0 chain mail
 i - a +0 ring mail
Jewellery
 c - the amulet "Abekhlui" (around neck) {Faith Regen+ Str+3 Int+4}
   (You acquired it on level 1 of the Dungeon)

   [amulet of faith]

   It allows you to gain divine favour quickly.
   It affects your strength (+3).
   It affects your intelligence (+4).
   It increases your rate of health regeneration.
Potions
 d - a potion of ambrosia {unknown}


   Skills:
 + Level 3.1 Dodging
 + Level 2.8 Stealth
 + Level 0.1 Unarmed Combat
 + Level 2.2 Spellcasting
 + Level 1.1 Transmutations
 + Level 2.9 Poison Magic


You had 4 spell levels left.
You knew the following spells:

 Your Spells              Type           Power      Damage    Failure   Level
a - Sting                 Tmut/Pois      40%        1d5       7%          1

Your spell library contained the following spells:

 Spells                   Type           Power      Damage    Failure   Level
 Poisonous Vapours        Pois/Air       16%        N/A       13%         2
 Ignite Poison            Fire/Tmut/Pois 7%         N/A       26%         3
 Mephitic Cloud           Conj/Pois/Air  6%         N/A       30%         3
 Olgreb's Toxic Radiance  Pois           14%        N/A       41%         4


Dungeon Overview and Level Annotations

Branches:
Dungeon (1/15)

Altars:


Innate Abilities, Weirdness & Mutations

You have sharp claws.
You have razor-sharp teeth.
You have supernaturally acute eyesight. (SInv)
You cover ground quickly. (Speed+)
You are covered in fur. (AC +1)
Your paws help you pounce on unaware monsters.
You are incapable of wielding weapons or throwing items.
You cannot wear armour.
You gain extra lives every three experience levels.


Message History

The jackal barks! x2
A jackal comes into view.
The jackal barks!
The endoplasm quivers.
The jackal closely misses you.
You scratch the endoplasm but do no damage.
The jackal bites the plant.
The plant begins to die.
The jackal misses you. The endoplasm freezes you.
You are frozen.
You scratch the jackal but do no damage.
The jackal bites the plant. x2; The jackal misses you.
The endoplasm freezes you.
You are frozen.
The jackal bites the plant. x2
You scratch the jackal but do no damage.
The jackal completely misses you.
The jackal bites the plant. x2
The endoplasm completely misses you. The jackal bites you.
You scratch the jackal.
The jackal is heavily wounded.
A nearby plant withers and dies.
The jackal misses you. The endoplasm misses you. The jackal closely misses you.
You closely miss the jackal.
The jackal is heavily wounded.
The jackal misses you. The jackal closely misses you. The endoplasm misses you.
The jackal completely misses you.
You scratch the jackal.
The jackal is severely wounded.
The jackal closely misses you. The jackal barely misses you.
The endoplasm closely misses you.
You scratch the jackal.
The jackal is almost dead.
The jackal misses you. The jackal bites you. The jackal misses you.
The endoplasm freezes you.
You are frozen.
* * * LOW HITPOINT WARNING * * *
You closely miss the jackal.
The jackal is almost dead.
The jackal bites you.
* * * LOW HITPOINT WARNING * * *
The jackal closely misses you. The endoplasm hits you.
You die...

...........#.#
#.#
#.#♣.♣#♣#♣#
##.#.###.###.#
#.#
#..........
#.# # #.....#
#.#
#..♣.♣#♣#♣.
#.# # #######
#.# #....# ##
#.#.# #####.#
#.##.## ###
##.#.#
##..P..#
####.#...###..
.....#
#...P.h#
#....#........
##.###
#P.♣.hh#
#........###.#
#.# #. ♣PP@#
#...###.## #.#
#.# #. ♣..J#
.### #.# #.#
♣.♣ #
#.PP..#.# #.#
#.# ♣.♣
######. ..#
#.# #♣.♣ . ..#
#.. ...# .#
..# ### .###
#. .#.# .#
#.........##
.# #..........


You could see an endoplasm and 3 jackals.

Vanquished Creatures
  4 endoplasms (D:1)
  A giant cockroach (D:1)
  A goblin (D:1)
  A jackal (D:1)
  A bat (D:1)
  A frilled lizard (D:1)
  A kobold (D:1)
  2 rats (D:1)
12 creatures vanquished.

Vanquished Creatures (others)
  A plant (D:1)
1 creature vanquished.

Grand Total: 13 creatures vanquished

Notes
Turn   | Place    | Note
-------+----------+-------------------------------------------
     0 | D:1      | unlimited1921 the Felid Venom Mage began the quest for the
                  | Orb.
     0 | D:1      | Reached XP level 1. HP: 7/7 MP: 4/4
   438 | D:1      | Identified a scroll of acquirement
   438 | D:1      | Acquired the amulet "Abekhlui" {Faith Regen+ Str+3 Int+4}
   502 | D:1      | Reached XP level 2. HP: 11/11 MP: 6/6
   566 | D:1      | Reached skill level 3 in Dodging
   652 | D:1      | Slain by an endoplasm

Illustrated notes

Levels and vault maps discovered:
D:1:      dpeg_arrival_lava_altar, layout_loops_ring, serial_forest,
          infiniplex_forest_clump_small, infiniplex_forest_straight_1,
          infiniplex_forest_lined_2, infiniplex_forest_lined_2,
          infiniplex_forest_straight_4

Skill      XL: |  1  2 |
---------------+-------+-----
Dodging        | 3 |  3.1
Stealth        | |  2.8
Unarmed Combat | |  0.1
Spellcasting   | |  2.2
Transmutations | |  1.1
Poison Magic   | |  2.9

Action                   || total
-------------------------++-------
Melee: Unarmed           ||    23
       Bite              ||     1
 Cast: Sting             ||     6
  Use: Scroll            ||     1
 Stab: Sleeping          ||     4
Armor: Skin              ||     1
Dodge: Dodged            ||    28

Table legend: (Time is in decaauts)
 A = Elapsed time spent in this place.
 B = Non-inter-level travel time spent in this place.
 C = Inter-level travel time spent in this place.
 D = Time resting spent in this place.
 E = Time spent auto-exploring this place.
 F = Levels seen in this place.
 G = Mean time per level.
                   A        B        C        D        E       F      G
               +--------+--------+--------+--------+--------+-----+--------+
         Total |    538 |    159 |    379 |     33 |      0 |   1 |  538.0 |
       Dungeon |    538 |    159 |    379 |     33 |      0 |   1 |  538.0 |
               +--------+--------+--------+--------+--------+-----+--------+

Top non-repeatable levels by time:
     D:1: 538 daAuts
